 Dungeon Crawl Stone Soup version 0.29.1-2-gbd0b4ee654 (webtiles) character file.

Game seed: 7377435365390053143

0 zeram the Magician (level 1, 0/15 HPs)
             Began as a Djinni Summoner on Nov 10, 2022.
             Slain by a quokka (1 damage)
             ... on level 1 of the Dungeon.
             The game lasted 00:00:37 (78 turns).

zeram the Magician (Djinni Summoner)                  Turns: 78, Time: 00:00:38

Health: 0/15       AC:  2    Str:  7    XL:     1   Next: 11%
Gold:   18         EV: 12    Int: 16    God:
                   SH:  0    Dex: 13

rFire   + + .      SeeInvis .   (no weapon)
rCold   x . .      Faith    .   (no shield)
rNeg    . . .      Spirit   .   a - +0 robe
rPois   ∞          Reflect  .   (no helmet)
rElec   .          Harm     .   (no cloak)
rCorr   .          Rampage  .   (no gloves)
Will    .....                   (boots unavailable)
Stlth   ++........              (no amulet)
HPRegen 0.05/turn               (no ring)
MPRegen 0.00/turn               (no ring)

@: flying
A: sickness immunity, fire resistance 2, cold vulnerability 1, float, innate
caster, HP casting, extra vitality 1
a: no special abilities


You were on level 1 of the Dungeon.
You visited 1 branch of the dungeon, and saw 1 of its levels.

You collected 18 gold pieces.

Inventory:

Armour
 a - a +0 robe (worn)
Potions
 b - a potion of invisibility {unknown}


   Skills:
 + Level 2.1 Dodging
 + Level 1.5 Stealth
 + Level 3.3 Spellcasting


You couldn't memorise any spells.
You knew the following spells:

 Your Spells              Type           Power      Damage    Failure   Level
a - Summon Small Mammal   Summ           52%        N/A       4%          1
b - Call Imp              Summ           13%        N/A       7%          2
c - Call Canine Familiar  Summ           13%        N/A       14%         3
d - Summon Guardian Gole  Hex/Summ       13%        N/A       14%         3
e - Summon Lightning Spi  Summ/Air       13%        N/A       43%         4
Your spell library was empty.

Dungeon Overview and Level Annotations

Branches:
Dungeon (1/15)

Altars:


Innate Abilities, Weirdness & Mutations

You are immune to sickness and miasma.
You are immune to poison.
Your flesh is very heat resistant. (rF++)
You are vulnerable to cold. (rC-)
You float through the air rather than walking.
You learn spells naturally, not from books.
Your magical power is your life essence.
You have superior vitality. (+4 MHP)


Message History

Cast which spell? (? or * to list)
The bat misses you. The bat hits you.
You swap places.
The bat hits your bat.
Your bat hits the bat but does no damage.
The bat completely misses your bat. The bat hits your bat.
Your bat closely misses the bat.
The bat hits your bat.
Your bat dies!
Your bat's corpse disappears in a puff of smoke!
The bat hits you. The bat barely misses you.
You barely miss the bat. The bat misses you.
Casting: Summon Small Mammal (safe; 4% risk of failure)
Confirm with . or Enter, or press ? or * to list all spells.
* * * LOW HITPOINT WARNING * * *
The bat closely misses you. The bat barely misses you. The bat hits you.
* * * LOW HITPOINT WARNING * * *
Your rat barely misses the quokka.
The bat hits you but does no damage.
Your rat misses the quokka. The bat barely misses you.
Your rat barely misses the bat.
The quokka attacks as you move away! The quokka bites you.
* * * LOW HITPOINT WARNING * * *
The bat barely misses you.
You see here a rat corpse.
The bat attacks as you move away! The bat hits you but does no damage. x2
The quokka attacks as you move away! The quokka barely misses you.
The bat hits you.
* * * LOW HITPOINT WARNING * * *
The bat attacks as you move away! The bat barely misses you.
The bat closely misses you. The bat hits you but does no damage.
You see here 3 stones.
You miss the bat. The bat misses you.
Your rat misses the bat. You hit the quokka.
The quokka is moderately wounded.
The quokka closely misses you.
Your rat bites the bat.
You barely miss the quokka.
The quokka is moderately wounded.
The quokka bites you.
You die...

####.$.####..# ##.#
#..# #. #..# # #..#
#..# ######
#r.####....###
#†.##........##
#.######r##....##....#
#....@rb.#............
#.#####.##............
#.#.....####....
#.....### ###..
#####.# ##. #..###
###<. #....####....
#............
#............


You could see a quokka, a bat (ally target) and a friendly rat (summoned).

Vanquished Creatures
  A rat (D:1)
1 creature vanquished.

Notes
Turn   | Place    | Note
-------+----------+-------------------------------------------
     0 | D:1      | zeram the Djinni Summoner began the quest for the Orb.
     0 | D:1      | zeram set off with the following spells memorised: Summon
                  | Small Mammal, Call Imp, Call Canine Familiar, Summon
                  | Guardian Golem, Summon Lightning Spire.
     0 | D:1      | Reached XP level 1. HP: 15/15 MP: 0/0
    78 | D:1      | Slain by a quokka

Illustrated notes

Levels and vault maps discovered:
D:1:      minmay_arrival_loop, layout_loops_ring, st_stairs_3

Action                   || total
-------------------------++-------
Melee: Unarmed           ||     9
 Cast: Summon Small Mamm ||     2
 Stab: Sleeping          ||     1
Armor: Robe              ||     8
Dodge: Dodged            ||    21
